 Dungeon Crawl Stone Soup version 0.29-a0-284-gf9362112df (webtiles) character file.

Game seed: 3845264773671122136

3388 flyleaff the Quickloader (level 9, 19/80 HPs)
             Began as a Deep Dwarf Hunter on Mar 31, 2022.
             Was a Believer of Makhleb.
             Quit the game on level 7 of the Dungeon.
             The game lasted 00:17:53 (6480 turns).

flyleaff the Quickloader (Deep Dwarf Hunter)        Turns: 6480, Time: 00:17:53

Health: 19/80      AC: 11    Str: 17    XL:     9   Next: 74%
Magic:  0/9        EV: 17    Int:  8    God:    Makhleb [**....]
Gold:   415        SH:  0    Dex: 20    Spells: 14/16 levels left

rFire   . . .      SeeInvis .   a - +2 hand crossbow
rCold   . . .      Faith    .   (no shield)
rNeg    + . .      Spirit   +   f - +2 robe {Will+}
rPois   .          Reflect  .   x - +0 helmet
rElec   .          Harm     .   m - +2 cloak
rCorr   +          Rampage  .   (no gloves)
Will    ++...      Rage     1%  u - +2 pair of boots
Stlth   ++........              j - amulet of guardian spirit
HPRegen 0.00/turn               i - ring of resist corrosion
MPRegen 0.11/turn               o - ring of positive energy

@: no status effects
A: damage resistance, heal wounds, sense surroundings 2, no regeneration,
berserk 1, dopey 1, strong 1
a: Heal Wounds, Renounce Religion, Minor Destruction


You were on level 7 of the Dungeon.
You worshipped Makhleb.
Makhleb was pleased with you.
You visited 2 branches of the dungeon, and saw 9 of its levels.

You collected 415 gold pieces.

Inventory:

Hand Weapons
 a - a +2 hand crossbow (weapon)
 k - a +2 dagger of venom
 p - a +3 quarterstaff of chaos
Armour
 b - a +1 leather armour
 e - a +0 buckler
 f - a +2 robe of willpower (worn)
 m - a +2 cloak (worn)
 u - a +2 pair of boots (worn)
 x - a +0 helmet (worn)
Jewellery
 i - a ring of resist corrosion (left hand)
 j - an amulet of guardian spirit (around neck)
 o - a ring of positive energy (right hand)
Wands
 g - a wand of paralysis (2)
 s - a wand of flame (29)
Scrolls
 c - 3 scrolls of immolation
 d - 3 scrolls of identify
Potions
 l - 2 potions of berserk rage
 v - a potion of might
 w - a potion of invisibility


   Skills:
 + Level 4.8 Fighting
 - Level 10.0 Crossbows
 * Level 7.2 Dodging
 - Level 1.2 Stealth
 + Level 3.8 Shields
 - Level 4.4 Spellcasting
 - Level 4.1 Necromancy


You had 14 spell levels left.
You knew the following spells:

 Your Spells              Type           Power      Damage    Failure   Level
a - Corpse Rot            Necr/Air       10%        N/A       19%         2

Your spell library contained the following spells:

 Spells                   Type           Power      Damage    Failure   Level
 Animate Skeleton         Necr           16%        N/A       4%          1
 Pain                     Necr           32%        1d5       4%          1
 Vampiric Draining        Necr           8%         2d6       16%         3
 Foxfire                  Conj/Fire      4%         2x1d4     28%         1
 Freeze                   Ice            4%         1d3       28%         1
 Poisonous Vapours        Pois/Air       2%         N/A       38%         2
 Scorch                   Fire           2%         2d5       38%         2
 Frozen Ramparts          Ice            2%         1d2       63%         3
 Ozocubu's Armour         Ice            1%         N/A       63%         3
 Hailstorm                Conj/Ice       1%         3d3       95%         4
 Summon Mana Viper        Hex/Summ       1%         N/A       100%        5
 Ozocubu's Refrigeration  Ice            0%         4d5       100%        7


Dungeon Overview and Level Annotations

Branches:
Dungeon (8/15)             Temple (1/1) D:4
   Lair: D:8-11

Altars:
Ashenzari
Cheibriados
Dithmenos
Elyvilon
Fedhas
Gozag
Hepliaklqana
Kikubaaqudgha
Makhleb
Nemelex Xobeh
Okawaru
Qazlal
Ru
Sif Muna
Trog
Uskayaw
Vehumet
Wu Jian
Xom
Yredelemnul
Zin


Innate Abilities, Weirdness & Mutations

You are resistant to damage.
You can heal yourself by infusing magical energy.
You passively map the area around you.
You do not regenerate.
You tend to lose your temper in combat.
You are dopey. (Int -2)
Your muscles are strong. (Str +2)


Message History

You are too injured to fight recklessly!
You are too injured to fight recklessly!
You are too injured to fight recklessly!
You are too injured to fight recklessly!
Unknown command.
The water moccasin attacks as you move away!
The water moccasin bites you.
The boulder beetle attacks as you move away!
The boulder beetle bites you!!
* * * LOW HITPOINT WARNING * * *
The water moccasin bites you.
* * * LOW HITPOINT WARNING * * *
As you read the scroll of enchant armour, it crumbles to dust.
Your +0 pair of boots glows green for a moment.
The water moccasin completely misses you.
You feel better. The water moccasin closely misses you.
As you read the scroll of enchant armour, it crumbles to dust.
Your +1 pair of boots glows green for a moment.
The water moccasin closely misses you.
The water moccasin bites you but does no damage.
As you read the scroll of teleportation, it crumbles to dust.
You feel strangely unstable.
The water moccasin completely misses you.
The water moccasin attacks as you move away!
The water moccasin bites you but does no damage.
The water moccasin misses you.
The boulder beetle curls into a ball and begins rolling!
The water moccasin attacks as you move away!
The water moccasin barely misses you.
Your surroundings suddenly seem different.
A bullfrog and an orc come into view.
Found a stone staircase leading up and a stone staircase leading down.
An ice beast comes into view.
An orc wizard and an orc come into view.
An orc comes into view. It is wielding a +0 mace.
The bullfrog croaks.
The orc shouts! x3
There is a stone staircase leading up here.
You climb upwards.
There is a stone staircase leading down here.
Are you sure you want to abandon this character and quit the game? (Confirm with "yes".)

.......##.# #.##.###........##..#
.......##.# #..#.#.######.......#
.......##.# ##.#.#.....##.#.###.#
.......##.####...#.###.##.#.###.#
######.#...........# #.##.#.....#
######.########..#####.##.#######
.............##........##.#
#######.####.##..########.# #
#.........@.........# #
#..###.#...########## #
#......#...# #.######...# #.#
#...# #.# ##### #<# ###


There were no monsters in sight!

Vanquished Creatures
  Sigmund (D:5)
  A steam dragon (D:7)
  A black bear (D:7)
  2 ice beasts
  A hornet zombie (D:6)
  4 sky beasts (D:5)
  2 ogres
  2 phantoms (D:6)
  Blork the orc (D:6)
  2 necrophages (D:6)
  6 scorpions
  A water moccasin zombie (D:6)
  2 howler monkeys
  4 bullfrog zombies (D:6)
  2 centaur zombies (D:6)
  A jelly (D:6)
  2 hounds
  4 orc priests
  2 centaur skeletons (D:6)
  Crazy Yiuf (D:5)
  A bullfrog skeleton (D:6)
  A gnoll shaman (D:7)
  Ijyb (D:5)
  An iguana (D:5)
  4 orc wizards
  5 killer bee zombies (D:6)
  A howler monkey zombie (D:6)
  6 gnolls
  A howler monkey skeleton (D:6)
  11 adders
  3 white imps (D:6)
  An ufetubus (D:7)
  2 dart slugs (D:1)
  19 orcs
  3 bats (D:3)
  4 endoplasms
  2 goblins (D:1)
  11 hobgoblins
  2 quokkas
  6 ball pythons
  3 frilled lizards
  7 kobolds
  6 rats
143 creatures vanquished.

Vanquished Creatures (collateral kills)
  A slime creature (D:8)
  A bullfrog (D:8)
  A gnoll sergeant (D:8)
3 creatures vanquished.

Vanquished Creatures (others)
  6 withered plants (D:6)
6 creatures vanquished.

Grand Total: 152 creatures vanquished

Notes
Turn   | Place    | Note
-------+----------+-------------------------------------------
     0 | D:1      | flyleaff the Deep Dwarf Hunter began the quest for the Orb.
     0 | D:1      | Reached XP level 1. HP: 19/19 MP: 1/1
   225 | D:1      | Reached XP level 2. HP: 26/26 MP: 2/2
   308 | D:1      | Reached skill level 5 in Crossbows
   689 | D:1      | Reached XP level 3. HP: 28/32 MP: 3/3
   940 | D:2      | Learned a level 2 spell: Corpse Rot
  1108 | D:2      | Noticed a scorpion
  1115 | D:2      | Killed a scorpion
  1116 | D:2      | Reached skill level 6 in Crossbows
  1116 | D:2      | Reached skill level 1 in Necromancy
  1116 | D:2      | Reached XP level 4. HP: 29/39 MP: 0/4
  1250 | D:2      | Reached XP level 5. HP: 34/45 MP: 0/5
  1611 | D:3      | Found a faded altar of an unknown god.
  1772 | D:3      | Noticed an ice beast
  1862 | D:3      | Killed an ice beast
  1863 | D:3      | Reached XP level 6. HP: 3/52 MP: 0/9
  1863 | D:3      | Gained mutation: You tend to lose your temper in combat.
                  | [potion of mutation]
  1863 | D:3      | Gained mutation: You are dopey. (Int -2) [potion of
                  | mutation]
  1863 | D:3      | Gained mutation: Your muscles are strong. (Str +2) [potion
                  | of mutation]
  2276 | D:4      | Found a staircase to the Ecumenical Temple.
  3178 | D:5      | Entered Level 5 of the Dungeon
  3180 | D:5      | Noticed a sky beast
  3266 | D:5      | Noticed a sky beast
  3280 | D:5      | Found a runed translucent door.
  3311 | Temple   | Entered the Ecumenical Temple
  3609 | Temple   | Became a worshipper of Makhleb the Destroyer
  3760 | D:5      | Killed a sky beast
  3761 | D:5      | Reached XP level 7. HP: 19/58 MP: 0/12
  3812 | D:5      | Found a blossoming altar of Fedhas.
  3866 | D:5      | Reached skill level 7 in Crossbows
  4040 | D:5      | Noticed Sigmund
  4070 | D:5      | Killed Sigmund
  4071 | D:5      | Reached XP level 8. HP: 14/68 MP: 0/12
  4116 | D:5      | Noticed Ijyb
  4123 | D:5      | Paralysed by Ijyb for 7 turns
  4133 | D:5      | Killed Ijyb
  4214 | D:5      | Noticed Crazy Yiuf
  4629 | D:5      | Killed Crazy Yiuf
  4701 | D:6      | Reached skill level 8 in Crossbows
  4783 | D:6      | Reached * piety under Makhleb
  4786 | D:6      | Reached skill level 9 in Crossbows
  5002 | D:6      | Reached skill level 10 in Crossbows
  5002 | D:6      | Gained mutation: You passively map the area around you.
                  | [Deep Dwarf growth]
  5002 | D:6      | Reached XP level 9. HP: 53/76 MP: 0/10
  5083 | D:6      | Reached skill level 1 in Shields
  5134 | D:6      | Noticed Blork the orc
  5141 | D:6      | Killed Blork the orc
  5182 | D:6      | Reached skill level 5 in Dodging
  5219 | D:6      | Found an iron altar of Okawaru.
  5357 | D:6      | Got the Almanac of the Creative Blaze
  5906 | D:7      | Found a shimmering blue altar of Sif Muna.
  5906 | D:7      | Found a white marble altar of Elyvilon.
  5932 | D:7      | Reached ** piety under Makhleb
  5980 | D:7      | Found an opulent altar of Gozag.
  5988 | D:7      | Found an opulent altar of Gozag.
  5988 | D:7      | Found an opulent altar of Gozag.
  5996 | D:7      | Found an opulent altar of Gozag.
  6463 | D:8      | Noticed a boulder beetle
  6480 | D:7      | Quit the game

Illustrated notes

Levels and vault maps discovered:
D:1:      wander_arrival_chamber, layout_loops_corners,
          minmay_misc_feat_hallway, st_stairs_14
D:2:      layout_loops_ring
D:3:      layout_rooms, hellmonk_ecumenical_altar_heavens_door, st_stairs_3
D:4:      layout_layer_cave, minmay_temple_entry_from_below_a,
          eino_small_chamber_without_monster, minmay_misc_feat_iff
D:5:      layout_loops_ring, old_standard_altar, sigmund_army,
          uniq_crazy_yiuf_cottage, uniq_ijyb
D:6:      layout_basic, overflow_temple_1_default, serial_undead,
          serial_undead_b, serial_undead_f, serial_undead_a, serial_undead_a,
          serial_undead_e, serial_undead_f, serial_undead_b, serial_undead_d,
          serial_undead_f, serial_undead_e, hangedman_decor_riveting,
          uniq_blork_the_orc
D:7:      layout_basic, nicolae_gozag_conspicuous_consumption,
          gammafunk_temple_overflow_pools
D:8:      layout_basic, minmay_misc_feat_alley, minmay_manual_macuahuitl
Temple:   minmay_temple_bridge_d

Skill      XL: |  1  2  3  4  5  6  7  8  9 |
---------------+----------------------------+-----
Crossbows      | 5 6 7 10 | 10.0
Necromancy     | 1 2 3 4 |  4.1
Spellcasting   | 2 4 |  4.4
Fighting       | 2 3 4 |  4.8
Dodging        | 3 4 7 |  7.2
Shields        | 3 |  3.8
Stealth        | |  1.2

Action                   |  1- 3 |  4- 6 |  7- 9 || total
-------------------------+-------+-------+-------++-------
 Fire: Hand crossbow     |    81 |   213 |   433 ||   727
 Abil: Heal Wounds       |       |     4 |    15 ||    19
  Use: Potion            |       |     9 |     3 ||    12
       Scroll            |       |     2 |    13 ||    15
Armor: Leather armour    |     9 |    31 |    14 ||    54
       Robe              |       |       |    49 ||    49
Dodge: Dodged            |    31 |    61 |   183 ||   275

Table legend: (Time is in decaauts)
 A = Elapsed time spent in this place.
 B = Non-inter-level travel time spent in this place.
 C = Inter-level travel time spent in this place.
 D = Time resting spent in this place.
 E = Time spent auto-exploring this place.
 F = Levels seen in this place.
 G = Mean time per level.
                   A        B        C        D        E       F      G
               +--------+--------+--------+--------+--------+-----+--------+
         Total |   6536 |   5879 |    657 |      2 |   4452 |   9 |  726.2 |
       Dungeon |   6165 |   5653 |    512 |      2 |   4239 |   8 |  770.6 |
        Temple |    371 |    226 |    145 |      0 |    213 |   1 |  371.0 |
               +--------+--------+--------+--------+--------+-----+--------+

Top non-repeatable levels by time:
     D:4: 1394 daAuts
     D:6: 955 daAuts
     D:5: 946 daAuts
     D:1: 918 daAuts
     D:7: 712 daAuts
     D:2: 567 daAuts
     D:3: 533 daAuts
  Temple: 371 daAuts
     D:8: 136 daAuts
